Golden Knights vs Stars
Created - April 29, 2021 at 19:00
Goals
|
Golden Knights |
2 |
2 |
1 |
5 |
Stars |
0 |
0 |
0 |
0 |
|
Shots
|
Golden Knights |
7 |
13 |
16 |
36 |
Stars |
6 |
7 |
17 |
30 |
|
1st period
1. Golden Knights , Matt Stajan 26 (Thomas Vanek 20) at 19:18
2. Golden Knights , Thomas Vanek 20 (Wes O'Neill 20, Matt Stajan 40) at 19:40
Penalties :
Matt Stajan (Vgs) for High sticking (Minor) at 0:27, Shane O'Brien (Dal) for Fighting (Major) at 9:58, Thomas Vanek (Vgs) for Fighting (Major) at 9:58, Ilya Kovalchuk (Vgs) for Holding (Minor) at 10:03, Brian Lee (Dal) for Interference (Minor) at 19:43
2nd period
3. Golden Knights , Michael Frolik 48 (Michael Kostka 15, Andrei Loktionov 52) at 5:14
4. Golden Knights , Matt Stajan 27 (Zach Bogosian 58, Jared Cowen 32) at 14:19 (PP)
Penalties :
Vladimir Zharkov (Vgs) for Roughing (Minor) at 2:10, Ilya Kovalchuk (Vgs) for High sticking (Minor) at 5:23, Ted Purcell (Dal) for Hooking (Minor) at 8:30, Boris Valabik (Dal) for Hooking (Minor) at 13:33, John Tavares (Dal) for Holding (Minor) at 16:48
3rd period
5. Golden Knights , Michael Frolik 49 (Andrei Loktionov 53) at 13:57
Penalties :
Shane O'Brien (Dal) for Fighting (Major) at 13:04, Matt Stajan (Vgs) for Fighting (Major) at 13:04, Wayne Simmonds (Vgs) for Roughing (Minor) at 19:01
Goalie Stats
Ondrej Pavelec (Vgs), 30 saves from 30 shots - (1.000), W, 31-23-6, 60:00 minutes
Matt Murray (Dal), 19 saves from 20 shots - (0.950), 25:41 minutes
Cory Schneider (Dal), 12 saves from 16 shots - (0.750), L, 31-20-2, 34:19 minutes
Players Stats for Golden Knights
Player Name G A P +/- PIM S H SB GA TA FO MP PP MP PK MP
------------------------------------------------------------------------------------
Andrei Loktionov 0 2 2 2 0 1 0 0 2 0 10/19 19:59 3:15 2:57
Chris Tierney 0 0 0 0 0 0 1 0 0 0 1/3 8:14 0:00 0:21
Ilya Kovalchuk 0 0 0 2 4 0 2 0 1 0 1/1 16:22 2:06 0:21
Jamie Oleksiak 0 0 0 3 0 0 0 1 0 1 0/0 14:21 0:00 0:00
Jared Cowen 0 1 1 1 0 3 0 6 1 0 0/0 25:07 4:26 4:23
Matt Stajan 2 1 3 2 7 4 3 0 0 0 11/22 16:31 3:11 2:26
Michael Frolik 2 0 2 2 0 9 0 1 1 0 2/7 21:48 3:15 5:08
Michael Kostka 0 1 1 3 0 4 2 0 1 1 0/0 21:04 2:03 4:23
Nathan Horton 0 0 0 0 0 1 0 1 1 1 2/3 10:49 0:17 0:00
Sebastian Aho 0 0 0 0 0 3 1 0 0 0 3/8 10:57 1:05 0:00
Sergei Plotnikov 0 0 0 0 0 2 1 0 0 1 0/0 14:27 0:00 5:08
Shawn Matthias 0 0 0 0 0 1 1 0 0 0 1/1 8:18 0:17 0:08
Thomas Vanek 1 1 2 2 5 3 0 1 1 1 1/2 16:17 3:32 0:20
Vladimir Mihalik 0 0 0 0 0 0 1 0 0 0 0/0 17:49 0:00 4:31
Vladimir Zharkov 0 0 0 0 2 1 1 1 0 0 2/3 10:54 0:00 0:59
Wayne Simmonds 0 0 0 2 2 1 1 1 0 0 0/1 16:23 3:11 0:00
Wes O'Neill 0 1 1 1 0 0 3 0 0 1 0/0 23:11 2:17 4:31
Zach Bogosian 0 1 1 0 0 3 1 0 1 1 0/0 18:28 4:40 0:00
Players Stats for Stars
Player Name G A P +/- PIM S H SB GA TA FO MP PP MP PK MP
------------------------------------------------------------------------------------
Alex Chiasson 0 0 0 0 0 2 4 0 0 0 0/0 16:01 4:44 0:00
Alexander Frolov 0 0 0 0 0 4 1 0 0 0 0/0 12:26 0:08 1:10
Antoine Vermette 0 0 0 0 0 3 0 0 0 1 7/13 17:49 4:44 1:17
B.J. Crombeen 0 0 0 0 0 1 0 0 0 0 0/0 10:45 0:00 0:00
Boris Valabik 0 0 0 -1 2 0 2 0 2 2 0/0 22:03 4:19 2:41
Brian Lee 0 0 0 -3 2 4 4 4 1 0 0/0 27:26 4:51 3:28
Cam Atkinson 0 0 0 0 0 0 1 1 0 1 0/0 7:50 0:00 0:00
Cory Emmerton 0 0 0 0 0 2 2 0 3 0 4/7 10:38 0:08 0:00
Evgeny Grachev 0 0 0 0 0 0 1 0 0 0 0/1 9:07 0:00 1:13
Guillaume Latendresse 0 0 0 -4 0 3 2 0 0 0 0/0 22:25 4:02 4:06
Ian White 0 0 0 -3 0 1 4 1 1 1 0/0 27:23 4:35 4:38
John Tavares 0 0 0 -4 2 2 1 0 0 0 24/47 21:32 4:10 2:46
Jussi Jokinen 0 0 0 0 0 5 1 0 0 1 1/1 17:53 4:44 1:27
Michael Grabner 0 0 0 -4 0 1 1 0 0 1 0/1 20:11 4:02 1:27
Paul Ladue 0 0 0 0 0 0 1 0 0 0 0/0 10:32 0:00 0:00
Shane O'Brien 0 0 0 0 10 0 2 3 0 1 0/0 18:29 3:04 2:39
Ted Purcell 0 0 0 0 2 0 1 0 0 0 0/0 7:52 0:00 0:00
Tyson Barrie 0 0 0 -1 0 2 0 1 0 1 0/0 12:49 0:59 0:00
3 Stars
1 - Ondrej Pavelec (Vgs)
2 - Michael Frolik (Vgs)
3 - Matt Stajan (Vgs)
Power Play
Golden Knights - 1 on 4 Attempt(s) - 25.00%
Stars - 0 on 5 Attempt(s) - 0.00%
Penalty Kill
Golden Knights - 5 on 5 Attempt(s) - 100.00%
- Score 0 goal in Penalty Kill
Stars - 3 on 4 Attempt(s) - 75.00%
- Score 0 goal in Penalty Kill
Team Stat
Golden Knights - Hits : 18 - Faceoff Wins : 34 - Blocked Shots : 12 - Penalty Minutes : 20
Stars - Hits : 28 - Faceoff Wins : 36 - Blocked Shots : 10 - Penalty Minutes : 18
Official
Referees : Unknown
Linesman : Unknown
Game Notes
Shane O'Brien and Thomas Vanek fight to a draw at 9:58 of 1st period
19:40 of 1st period - Golden Knights goal is going for a video replay. After video review, Goal.
Matt Murray enters game at 14:19 of 2nd period
Shane O'Brien and Matt Stajan fight to a draw at 13:04 of 3rd period
Shane O'Brien is injured at 18:46 of 3rd period (Left Hand)
Finance
Level 1 -- Attendance: 4859 (80.98%) -- Ticket Income $558,785
Level 2 -- Attendance: 4319 (86.38%) -- Ticket Income $302,330
Level 3 -- Attendance: 1708 (85.40%) -- Ticket Income $76,860
Level 4 -- Attendance: 2848 (71.20%) -- Ticket Income $99,680
Luxury Box -- Attendance: 819 (81.90%) -- Ticket Income $176,085
Game was played at the American Airlines Center.
Total Attendance: 14553 (80.85%)
Total Ticket Income: $1,213,740
Other Income: $182,061
Total Income: $1,395,801
Golden Knights
5 vs 5 Forward
Center Left Wing Right Wing Time % Phy DF OF
1 Andrei Loktionov Ilya Kovalchuk Michael Frolik 30 1 2 2
2 Matt Stajan Thomas Vanek Wayne Simmonds 30 1 2 2
3 Sebastian Aho Sergei Plotnikov Vladimir Zharkov 23 1 2 2
4 Chris Tierney Shawn Matthias Nathan Horton 17 1 2 2
5 vs 5 Defense
Defense Defense Time % Phy DF OF
1 Wes O'Neill Jared Cowen 35 1 2 2
2 Zach Bogosian Vladimir Mihalik 33 1 2 2
3 Michael Kostka Jamie Oleksiak 32 1 2 2
4 Zach Bogosian Jared Cowen 0 1 2 2
PowerPlay Forward
Center Left Wing Right Wing Time % Phy DF OF
1 Andrei Loktionov Thomas Vanek Michael Frolik 60 1 2 2
2 Matt Stajan Ilya Kovalchuk Wayne Simmonds 40 1 2 2
PowerPlay Defense
Defense Defense Time % Phy DF OF
1 Zach Bogosian Jared Cowen 60 1 2 2
2 Michael Kostka Wes O'Neill 40 1 2 2
Penalty Kill 4 Players Forward
Center Wing Time % Phy DF OF
1 Michael Frolik Sergei Plotnikov 60 1 2 2
2 Andrei Loktionov Matt Stajan 40 1 2 2
Penalty Kill 4 Players Defense
Defense Defense Time % Phy DF OF
1 Wes O'Neill Vladimir Mihalik 50 1 2 2
2 Michael Kostka Jared Cowen 50 1 2 2
Penalty Kill - 3 Players Forward
Forward Time % Phy DF OF
1 Michael Frolik 60 1 2 2
2 Ilya Kovalchuk 40 1 2 2
Penalty Kill - 3 Players Defense
Defense Defense Time % Phy DF OF
1 Zach Bogosian Jared Cowen 60 1 2 2
2 Michael Kostka Vladimir Mihalik 40 1 2 2
4 vs 4 Forward
Center Wing Time % Phy DF OF
1 Michael Frolik Ilya Kovalchuk 60 1 2 2
2 Andrei Loktionov Matt Stajan 40 1 2 2
4 vs 4 Defense
Defense Defense Time % Phy DF OF
1 Zach Bogosian Jared Cowen 50 1 2 2
2 Michael Kostka Vladimir Mihalik 50 1 2 2
Last Minutes Offensive
Center Left Wing Right Wing Defense Defense
Andrei Loktionov Ilya Kovalchuk Sebastian Aho Zach Bogosian Jared Cowen
Last Minutes Defensive
Center Left Wing Right Wing Defense Defense
Matt Stajan Sergei Plotnikov Michael Frolik Zach Bogosian Jared Cowen
Goaltenders
Starting : Ondrej Pavelec
Backup : Matt Hackett
Extra Forwards
Normal : Nathan Horton, Sebastian Aho, Vladimir Zharkov - PP : Sebastian Aho, Shawn Matthias - PK : Vladimir Zharkov
Extra Defensemen
Normal : Wes O'Neill, Jamie Oleksiak, Michael Kostka - PP : Wes O'Neill - PK : Jamie Oleksiak, Michael Kostka
Penalty Shots
Michael Frolik, Ilya Kovalchuk, Andrei Loktionov, Matt Stajan, Thomas Vanek
Scratches
Mathew Dumba (Healthy), Patrice Cormier (Healthy)
Stars
5 vs 5 Forward
Center Left Wing Right Wing Time % Phy DF OF
1 John Tavares Guillaume Latendresse Michael Grabner 40 1 2 2
2 Antoine Vermette Jussi Jokinen Alex Chiasson 30 1 2 2
3 Cory Emmerton Alexander Frolov B.J. Crombeen 20 1 2 2
4 Evgeny Grachev Ted Purcell Cam Atkinson 10 1 2 2
5 vs 5 Defense
Defense Defense Time % Phy DF OF
1 Ian White Brian Lee 40 1 2 2
2 Shane O'Brien Boris Valabik 30 1 2 2
3 Tyson Barrie Paul Ladue 20 1 2 2
4 Ian White Brian Lee 10 1 2 2
PowerPlay Forward
Center Left Wing Right Wing Time % Phy DF OF
1 John Tavares Guillaume Latendresse Michael Grabner 60 0 1 4
2 Antoine Vermette Jussi Jokinen Alex Chiasson 40 0 1 4
PowerPlay Defense
Defense Defense Time % Phy DF OF
1 Ian White Brian Lee 60 0 1 4
2 Shane O'Brien Boris Valabik 40 0 1 4
Penalty Kill 4 Players Forward
Center Wing Time % Phy DF OF
1 John Tavares Guillaume Latendresse 60 0 3 2
2 Jussi Jokinen Michael Grabner 40 0 3 2
Penalty Kill 4 Players Defense
Defense Defense Time % Phy DF OF
1 Ian White Brian Lee 60 0 3 2
2 Shane O'Brien Boris Valabik 40 0 3 2
Penalty Kill - 3 Players Forward
Forward Time % Phy DF OF
1 John Tavares 60 0 3 2
2 Guillaume Latendresse 40 0 3 2
Penalty Kill - 3 Players Defense
Defense Defense Time % Phy DF OF
1 Ian White Brian Lee 60 0 3 2
2 Shane O'Brien Boris Valabik 40 0 3 2
4 vs 4 Forward
Center Wing Time % Phy DF OF
1 John Tavares Guillaume Latendresse 60 0 2 3
2 Jussi Jokinen Michael Grabner 40 0 2 3
4 vs 4 Defense
Defense Defense Time % Phy DF OF
1 Ian White Brian Lee 60 0 2 3
2 Shane O'Brien Boris Valabik 40 0 2 3
Last Minutes Offensive
Center Left Wing Right Wing Defense Defense
John Tavares Guillaume Latendresse Michael Grabner Ian White Brian Lee
Last Minutes Defensive
Center Left Wing Right Wing Defense Defense
John Tavares Guillaume Latendresse Michael Grabner Ian White Brian Lee
Goaltenders
Starting : Cory Schneider
Backup : Matt Murray
Extra Forwards
Normal : Jussi Jokinen, Cory Emmerton, Evgeny Grachev - PP : Alexander Frolov, Cory Emmerton - PK : Evgeny Grachev
Extra Defensemen
Normal : Tyson Barrie, Boris Valabik, Shane O'Brien - PP : Tyson Barrie - PK : Boris Valabik, Shane O'Brien
Penalty Shots
John Tavares, Guillaume Latendresse, Jussi Jokinen, Michael Grabner, Antoine Vermette
Scratches
Andrej Sustr (Healthy), Damien Brunner (Healthy)
% Time on Ice - Golden Knights
Lines # - Real PCT - Wanted PCT - Time Play
Normal Forward
1 - 31% - 30% - 13:46
2 - 30% - 30% - 13:25
3 - 21% - 23% - 9:19
4 - 18% - 17% - 7:53
Normal Defense
1 - 34% - 35% - 15:13
2 - 34% - 33% - 14:54
3 - 31% - 32% - 13:41
4 - 1% - 0% - 0:35
PP Forward
1 - 53% - 60% - 3:32
2 - 47% - 40% - 3:11
PP Defense
1 - 69% - 60% - 4:40
2 - 31% - 40% - 2:03
PK Forward
1 - 67% - 60% - 5:57
2 - 33% - 40% - 2:57
PK Defense
1 - 51% - 50% - 4:31
2 - 49% - 50% - 4:23
PK3 Forward
1 - 0% - 60%
2 - 0% - 40%
PK3 Defense
1 - 0% - 60%
2 - 0% - 40%
44 Forward
1 - 0% - 60%
2 - 0% - 40%
44 Defense
1 - 0% - 50%
2 - 0% - 50%
Last Minute Offensive - 0:00
Last Minute Defensive - 0:00
Total
Forward - 60:00
Defense - 60:00
|
% Time on Ice - Stars
Lines # - Real PCT - Wanted PCT - Time Play
Normal Forward
1 - 33% - 40% - 14:31
2 - 26% - 30% - 11:42
3 - 23% - 20% - 10:20
4 - 18% - 10% - 7:50
Normal Defense
1 - 40% - 40% - 17:45
2 - 36% - 30% - 15:50
3 - 23% - 20% - 10:09
4 - 1% - 10% - 0:39
PP Forward
1 - 47% - 60% - 4:10
2 - 53% - 40% - 4:44
PP Defense
1 - 51% - 60% - 4:35
2 - 49% - 40% - 4:19
PK Forward
1 - 78% - 60% - 5:16
2 - 22% - 40% - 1:27
PK Defense
1 - 69% - 60% - 4:38
2 - 31% - 40% - 2:05
PK3 Forward
1 - 0% - 60%
2 - 0% - 40%
PK3 Defense
1 - 0% - 60%
2 - 0% - 40%
44 Forward
1 - 0% - 60%
2 - 0% - 40%
44 Defense
1 - 0% - 60%
2 - 0% - 40%
Last Minute Offensive - 0:00
Last Minute Defensive - 0:00
Total
Forward - 60:00
Defense - 60:00
|
Play-by-Play
1st period
0:01 of 1st period - Andrei Loktionov wins face-off versus John Tavares in neutral zone.
0:27 of 1st period - Minor Penalty to Matt Stajan for High sticking.
0:28 of 1st period - Michael Frolik wins face-off versus John Tavares in Golden Knights zone.
0:28 of 1st period - Michael Frolik is hit by Ian White.
0:38 of 1st period - Michael Kostka is hit by Brian Lee.
1:00 of 1st period - Slapshot by Brian Lee.
1:00 of 1st period - Stopped by Ondrej Pavelec without a rebound.
1:01 of 1st period - Antoine Vermette wins face-off versus Michael Frolik in Golden Knights zone.
1:06 of 1st period - Wrist shot by Jussi Jokinen.
1:06 of 1st period - Stopped by Ondrej Pavelec with a rebound.
2:22 of 1st period - Slapshot by Jussi Jokinen.
2:22 of 1st period - Stopped by Ondrej Pavelec without a rebound.
2:23 of 1st period - John Tavares wins face-off versus Andrei Loktionov in Golden Knights zone.
2:27 of 1st period - Penalty to Matt Stajan is over, Matt Stajan is back on ice.
2:52 of 1st period - Ian White is hit by Michael Kostka and loses puck.
2:57 of 1st period - Slapshot by Zach Bogosian.
2:57 of 1st period - Stopped by Cory Schneider with a rebound.
4:02 of 1st period - Chris Tierney is hit by Ted Purcell.
8:20 of 1st period - Sergei Plotnikov is hit by Michael Grabner and loses puck.
8:31 of 1st period - Vladimir Mihalik is hit by Cam Atkinson and loses puck.
8:43 of 1st period - Michael Kostka is hit by Paul Ladue and loses puck.
8:56 of 1st period - Vladimir Mihalik is hit by Alex Chiasson and loses puck.
9:03 of 1st period - Snap shot by Alex Chiasson.
9:03 of 1st period - Shot Misses the Net.
9:05 of 1st period - Snap shot by Jussi Jokinen.
9:05 of 1st period - Shot Misses the Net.
9:29 of 1st period - Icing by Zach Bogosian.
9:30 of 1st period - Shawn Matthias wins face-off versus Antoine Vermette in Golden Knights zone.
9:55 of 1st period - Off-side.
9:56 of 1st period - John Tavares wins face-off versus Thomas Vanek in neutral zone.
9:58 of 1st period - Shane O'Brien and Thomas Vanek fight to a draw.
9:58 of 1st period - Penalty to Shane O'Brien for Fighting.
9:58 of 1st period - Penalty to Thomas Vanek for Fighting.
9:59 of 1st period - John Tavares wins face-off versus Andrei Loktionov in Golden Knights zone.
10:03 of 1st period - Minor Penalty to Ilya Kovalchuk for Holding.
10:04 of 1st period - John Tavares wins face-off versus Michael Frolik in Golden Knights zone.
10:20 of 1st period - Snap shot by Ian White.
10:20 of 1st period - Stopped by Ondrej Pavelec with a rebound.
10:30 of 1st period - Michael Frolik is hit by Ian White and loses puck.
11:33 of 1st period - Matt Stajan is hit by Brian Lee and loses puck.
12:03 of 1st period - Penalty to Ilya Kovalchuk is over, Ilya Kovalchuk is back on ice.
12:39 of 1st period - Evgeny Grachev is hit by Wes O'Neill and loses puck.
15:23 of 1st period - Chris Tierney is hit by Shane O'Brien.
15:56 of 1st period - Vladimir Mihalik is hit by Guillaume Latendresse and loses puck.
16:11 of 1st period - Evgeny Grachev is hit by Ilya Kovalchuk and loses puck.
16:24 of 1st period - Slapshot by Thomas Vanek.
16:24 of 1st period - Stopped by Cory Schneider without a rebound.
16:25 of 1st period - Cory Emmerton wins face-off versus Matt Stajan in Stars zone.
16:38 of 1st period - Snap shot by Alexander Frolov.
16:38 of 1st period - Deflect By Cory Emmerton.
16:38 of 1st period - Shot Blocked by Jared Cowen.
16:38 of 1st period - Puck is out of play.
16:39 of 1st period - Ilya Kovalchuk wins face-off versus John Tavares in Golden Knights zone.
17:12 of 1st period - Icing by Wes O'Neill.
17:13 of 1st period - Antoine Vermette wins face-off versus Sebastian Aho in Golden Knights zone.
17:20 of 1st period - Slapshot by Jussi Jokinen.
17:20 of 1st period - Shot Blocked by Jared Cowen.
17:22 of 1st period - Slapshot by Boris Valabik.
17:22 of 1st period - Shot Blocked by Vladimir Zharkov.
17:42 of 1st period - Icing by Jussi Jokinen.
17:43 of 1st period - Andrei Loktionov wins face-off versus Antoine Vermette in Stars zone.
18:08 of 1st period - Wrist shot by Antoine Vermette.
18:08 of 1st period - Stopped by Ondrej Pavelec with a rebound.
18:14 of 1st period - Ilya Kovalchuk is hit by Boris Valabik and loses puck.
18:27 of 1st period - Alex Chiasson is hit by Vladimir Mihalik and loses puck.
18:40 of 1st period - Backhand shot by Michael Frolik.
18:40 of 1st period - Shot Hit the Post.
18:42 of 1st period - Snap shot by Andrei Loktionov.
18:42 of 1st period - Shot Blocked by Shane O'Brien.
18:44 of 1st period - Snap shot by Vladimir Mihalik.
18:44 of 1st period - Shot Misses the Net.
18:46 of 1st period - Wrist shot by Michael Frolik.
18:46 of 1st period - Stopped by Cory Schneider without a rebound.
18:47 of 1st period - Matt Stajan wins face-off versus John Tavares in Stars zone.
18:48 of 1st period - Snap shot by Thomas Vanek.
18:48 of 1st period - Shot Misses the Net.
19:00 of 1st period - Snap shot by Guillaume Latendresse.
19:00 of 1st period - Shot Hit the Post.
19:02 of 1st period - Slapshot by Brian Lee.
19:02 of 1st period - Deflect By Matt Stajan.
19:02 of 1st period - Stopped by Ondrej Pavelec without a rebound.
19:03 of 1st period - Vladimir Zharkov wins face-off versus John Tavares in Golden Knights zone.
19:08 of 1st period - Wrist shot by Sergei Plotnikov.
19:08 of 1st period - Shot Blocked by Brian Lee.
19:14 of 1st period - Slapshot by Michael Kostka.
19:14 of 1st period - Stopped by Cory Schneider without a rebound.
19:15 of 1st period - Matt Stajan wins face-off versus John Tavares in Stars zone.
19:18 of 1st period - Wrist shot by Matt Stajan.
19:18 of 1st period - Goal by Matt Stajan - Golden Knights : 1 - Stars : 0.
19:19 of 1st period - Matt Stajan wins face-off versus John Tavares in neutral zone.
19:26 of 1st period - Wrist shot by Matt Stajan.
19:26 of 1st period - Deflect By Wayne Simmonds.
19:26 of 1st period - Shot Misses the Net.
19:26 of 1st period - Puck is out of play.
19:27 of 1st period - Matt Stajan wins face-off versus John Tavares in Stars zone.
19:36 of 1st period - Wrist shot by Matt Stajan.
19:36 of 1st period - Shot Misses the Net.
19:38 of 1st period - Slapshot by Thomas Vanek.
19:38 of 1st period - Shot Misses the Net.
19:40 of 1st period - Slapshot by Wes O'Neill.
19:40 of 1st period - Deflect By Thomas Vanek.
19:40 of 1st period - Golden Knights goal is going for a video replay.
19:40 of 1st period - The goal is good.
19:40 of 1st period - Goal by Thomas Vanek - Golden Knights : 2 - Stars : 0.
19:41 of 1st period - John Tavares wins face-off versus Matt Stajan in neutral zone.
19:43 of 1st period - Minor Penalty to Brian Lee for Interference.
19:44 of 1st period - John Tavares wins face-off versus Andrei Loktionov in Stars zone.
19:58 of 1st period - Snap shot by Michael Frolik.
19:58 of 1st period - Stopped by Cory Schneider with a rebound.
Goals for this period are 2 for Golden Knights vs 0 for Stars.
Shots for this period are 7 for Golden Knights vs 6 for Stars.
2nd period
0:01 of 2nd period - John Tavares wins face-off versus Andrei Loktionov in neutral zone.
1:18 of 2nd period - Alexander Frolov is hit by Zach Bogosian.
1:39 of 2nd period - Jussi Jokinen is hit by Wes O'Neill.
1:43 of 2nd period - Penalty to Brian Lee is over, Brian Lee is back on ice.
1:55 of 2nd period - Slapshot by Zach Bogosian.
1:55 of 2nd period - Stopped by Cory Schneider with a rebound.
2:03 of 2nd period - Slapshot by Michael Grabner.
2:03 of 2nd period - Shot Misses the Net.
2:05 of 2nd period - Slapshot by Shane O'Brien.
2:05 of 2nd period - Shot Misses the Net.
2:07 of 2nd period - Slapshot by Shane O'Brien.
2:07 of 2nd period - Deflect By Jussi Jokinen.
2:07 of 2nd period - Shot Misses the Net.
2:07 of 2nd period - Puck is out of play.
2:08 of 2nd period - Sebastian Aho wins face-off versus Cory Emmerton in Golden Knights zone.
2:10 of 2nd period - Minor Penalty to Vladimir Zharkov for Roughing.
2:11 of 2nd period - John Tavares wins face-off versus Michael Frolik in Golden Knights zone.
2:47 of 2nd period - Slapshot by Ian White.
2:47 of 2nd period - Shot Misses the Net.
2:49 of 2nd period - Slapshot by Ian White.
2:49 of 2nd period - Shot Misses the Net.
2:51 of 2nd period - Snap shot by Brian Lee.
2:51 of 2nd period - Deflect By Wes O'Neill.
2:51 of 2nd period - Stopped by Ondrej Pavelec with a rebound.
3:21 of 2nd period - Michael Kostka is hit by Shane O'Brien.
4:10 of 2nd period - Penalty to Vladimir Zharkov is over, Vladimir Zharkov is back on ice.
4:43 of 2nd period - Boris Valabik is hit by Sergei Plotnikov and loses puck.
4:50 of 2nd period - Slapshot by Paul Ladue.
4:50 of 2nd period - Shot Blocked by Wayne Simmonds.
4:52 of 2nd period - Slapshot by Tyson Barrie.
4:52 of 2nd period - Deflect By Jamie Oleksiak.
4:52 of 2nd period - Stopped by Ondrej Pavelec without a rebound.
4:53 of 2nd period - Matt Stajan wins face-off versus John Tavares in Golden Knights zone.
5:02 of 2nd period - Snap shot by Matt Stajan.
5:02 of 2nd period - Shot Misses the Net.
5:06 of 2nd period - Slapshot by Matt Stajan.
5:06 of 2nd period - Stopped by Cory Schneider without a rebound.
5:07 of 2nd period - Andrei Loktionov wins face-off versus John Tavares in Stars zone.
5:10 of 2nd period - Snap shot by Michael Frolik.
5:10 of 2nd period - Stopped by Cory Schneider with a rebound.
5:12 of 2nd period - Wrist shot by Michael Frolik.
5:12 of 2nd period - Shot Misses the Net.
5:14 of 2nd period - Slapshot by Michael Kostka.
5:14 of 2nd period - Deflect By Michael Frolik.
5:14 of 2nd period - Goal by Michael Frolik - Golden Knights : 3 - Stars : 0.
5:15 of 2nd period - John Tavares wins face-off versus Andrei Loktionov in neutral zone.
5:23 of 2nd period - Minor Penalty to Ilya Kovalchuk for High sticking.
5:24 of 2nd period - John Tavares wins face-off versus Michael Frolik in Golden Knights zone.
6:26 of 2nd period - Michael Grabner is hit by Matt Stajan and loses puck.
6:48 of 2nd period - Antoine Vermette is hit by Matt Stajan and loses puck.
7:19 of 2nd period - Icing by John Tavares.
7:20 of 2nd period - Vladimir Zharkov wins face-off versus John Tavares in Stars zone.
7:23 of 2nd period - Penalty to Ilya Kovalchuk is over, Ilya Kovalchuk is back on ice.
7:29 of 2nd period - Ilya Kovalchuk is hit by Cory Emmerton.
8:02 of 2nd period - Nathan Horton is hit by Evgeny Grachev and loses puck.
8:30 of 2nd period - Minor Penalty to Ted Purcell for Hooking.
8:31 of 2nd period - Michael Frolik wins face-off versus John Tavares in Stars zone.
8:46 of 2nd period - Off-side.
8:47 of 2nd period - Andrei Loktionov wins face-off versus John Tavares in neutral zone.
8:52 of 2nd period - Backhand shot by Jared Cowen.
8:52 of 2nd period - Stopped by Cory Schneider without a rebound.
8:53 of 2nd period - Andrei Loktionov wins face-off versus John Tavares in Stars zone.
8:54 of 2nd period - Slapshot by Michael Frolik.
8:54 of 2nd period - Shot Hit the Post.
10:30 of 2nd period - Penalty to Ted Purcell is over, Ted Purcell is back on ice.
10:46 of 2nd period - Wrist shot by Alex Chiasson.
10:46 of 2nd period - Stopped by Ondrej Pavelec without a rebound.
10:47 of 2nd period - Chris Tierney wins face-off versus Cory Emmerton in Golden Knights zone.
10:56 of 2nd period - Tyson Barrie is hit by Chris Tierney and loses puck.
11:16 of 2nd period - Off-side.
11:17 of 2nd period - Sebastian Aho wins face-off versus Antoine Vermette in neutral zone.
11:19 of 2nd period - Jared Cowen is hit by Alex Chiasson and loses puck.
11:28 of 2nd period - Slapshot by Sebastian Aho.
11:28 of 2nd period - Stopped by Cory Schneider with a rebound.
11:30 of 2nd period - Wrist shot by Jared Cowen.
11:30 of 2nd period - Shot Misses the Net.
11:32 of 2nd period - Snap shot by Sergei Plotnikov.
11:32 of 2nd period - Stopped by Cory Schneider with a rebound.
11:42 of 2nd period - Thomas Vanek is hit by Brian Lee.
12:02 of 2nd period - Snap shot by Chris Tierney.
12:02 of 2nd period - Shot Misses the Net.
12:04 of 2nd period - Snap shot by Shawn Matthias.
12:04 of 2nd period - Stopped by Cory Schneider without a rebound.
12:05 of 2nd period - Cory Emmerton wins face-off versus Chris Tierney in Stars zone.
12:30 of 2nd period - Snap shot by B.J. Crombeen.
12:30 of 2nd period - Stopped by Ondrej Pavelec without a rebound.
12:31 of 2nd period - John Tavares wins face-off versus Andrei Loktionov in Golden Knights zone.
12:32 of 2nd period - Slapshot by Michael Grabner.
12:32 of 2nd period - Shot Misses the Net.
12:34 of 2nd period - Slapshot by Tyson Barrie.
12:34 of 2nd period - Shot Blocked by Jamie Oleksiak.
12:38 of 2nd period - Snap shot by Michael Grabner.
12:38 of 2nd period - Shot Misses the Net.
12:40 of 2nd period - Snap shot by Guillaume Latendresse.
12:40 of 2nd period - Stopped by Ondrej Pavelec with a rebound.
12:42 of 2nd period - Wrist shot by Michael Grabner.
12:42 of 2nd period - Stopped by Ondrej Pavelec without a rebound.
12:43 of 2nd period - Andrei Loktionov wins face-off versus John Tavares in Golden Knights zone.
12:43 of 2nd period - Andrei Loktionov is hit by Ian White.
13:33 of 2nd period - Minor Penalty to Boris Valabik for Hooking.
13:34 of 2nd period - John Tavares wins face-off versus Andrei Loktionov in Stars zone.
13:50 of 2nd period - Snap shot by Andrei Loktionov.
13:50 of 2nd period - Shot Blocked by Brian Lee.
14:03 of 2nd period - Off-side.
14:04 of 2nd period - Jussi Jokinen wins face-off versus Matt Stajan in neutral zone.
14:11 of 2nd period - Snap shot by Jussi Jokinen.
14:11 of 2nd period - Shot Misses the Net.
14:17 of 2nd period - Slapshot by Zach Bogosian.
14:17 of 2nd period - Shot Misses the Net.
14:19 of 2nd period - Wrist shot by Matt Stajan.
14:19 of 2nd period - Goal by Matt Stajan - Golden Knights : 4 - Stars : 0.
14:19 of 2nd period - Matt Murray enters game.
14:20 of 2nd period - John Tavares wins face-off versus Matt Stajan in neutral zone.
16:41 of 2nd period - Snap shot by Michael Frolik.
16:41 of 2nd period - Shot Misses the Net.
16:43 of 2nd period - Slapshot by Michael Kostka.
16:43 of 2nd period - Deflect By Ilya Kovalchuk.
16:43 of 2nd period - Shot Misses the Net.
16:43 of 2nd period - Puck is out of play.
16:44 of 2nd period - Thomas Vanek wins face-off versus John Tavares in Stars zone.
16:48 of 2nd period - Minor Penalty to John Tavares for Holding.
16:49 of 2nd period - Antoine Vermette wins face-off versus Matt Stajan in Stars zone.
16:57 of 2nd period - Slapshot by Jared Cowen.
16:57 of 2nd period - Stopped by Matt Murray with a rebound.
16:59 of 2nd period - Slapshot by Zach Bogosian.
16:59 of 2nd period - Stopped by Matt Murray with a rebound.
17:01 of 2nd period - Wrist shot by Jared Cowen.
17:01 of 2nd period - Shot Blocked by Ian White.
17:03 of 2nd period - Snap shot by Wayne Simmonds.
17:03 of 2nd period - Shot Misses the Net.
17:05 of 2nd period - Snap shot by Matt Stajan.
17:05 of 2nd period - Stopped by Matt Murray without a rebound.
17:06 of 2nd period - Antoine Vermette wins face-off versus Wayne Simmonds in Stars zone.
17:29 of 2nd period - Matt Stajan is hit by Guillaume Latendresse.
17:40 of 2nd period - Antoine Vermette is hit by Wayne Simmonds and loses puck.
17:47 of 2nd period - Wrist shot by Wayne Simmonds.
17:47 of 2nd period - Shot Misses the Net.
17:49 of 2nd period - Wrist shot by Matt Stajan.
17:49 of 2nd period - Shot Misses the Net.
17:51 of 2nd period - Slapshot by Zach Bogosian.
17:51 of 2nd period - Shot Misses the Net.
17:53 of 2nd period - Wrist shot by Wayne Simmonds.
17:53 of 2nd period - Deflect By Sebastian Aho.
17:53 of 2nd period - Stopped by Matt Murray without a rebound.
17:54 of 2nd period - Andrei Loktionov wins face-off versus Evgeny Grachev in Stars zone.
18:48 of 2nd period - Penalty to John Tavares is over, John Tavares is back on ice.
18:54 of 2nd period - Cory Emmerton is hit by Sebastian Aho and loses puck.
18:59 of 2nd period - Wrist shot by Vladimir Zharkov.
18:59 of 2nd period - Shot Misses the Net.
19:11 of 2nd period - Snap shot by John Tavares.
19:11 of 2nd period - Stopped by Ondrej Pavelec with a rebound.
19:45 of 2nd period - Thomas Vanek is hit by Cory Emmerton and loses puck.
19:56 of 2nd period - John Tavares is hit by Shawn Matthias and loses puck.
Goals for this period are 2 for Golden Knights vs 0 for Stars.
Shots for this period are 13 for Golden Knights vs 7 for Stars.
3rd period
0:01 of 3rd period - Matt Stajan wins face-off versus John Tavares in neutral zone.
0:37 of 3rd period - Wrist shot by Cory Emmerton.
0:37 of 3rd period - Shot Misses the Net.
0:56 of 3rd period - Snap shot by Matt Stajan.
0:56 of 3rd period - Deflect By Wayne Simmonds.
0:56 of 3rd period - Shot Blocked by Brian Lee.
0:56 of 3rd period - Puck is out of play.
0:57 of 3rd period - Sebastian Aho wins face-off versus John Tavares in Stars zone.
2:35 of 3rd period - Snap shot by Jussi Jokinen.
2:35 of 3rd period - Stopped by Ondrej Pavelec without a rebound.
2:36 of 3rd period - Matt Stajan wins face-off versus Antoine Vermette in Golden Knights zone.
3:03 of 3rd period - Guillaume Latendresse is hit by Ilya Kovalchuk and loses puck.
3:27 of 3rd period - Slapshot by Alexander Frolov.
3:27 of 3rd period - Stopped by Ondrej Pavelec without a rebound.
3:28 of 3rd period - Cory Emmerton wins face-off versus Sebastian Aho in Golden Knights zone.
3:35 of 3rd period - Snap shot by Cory Emmerton.
3:35 of 3rd period - Stopped by Ondrej Pavelec with a rebound.
3:37 of 3rd period - Snap shot by Alexander Frolov.
3:37 of 3rd period - Stopped by Ondrej Pavelec without a rebound.
3:38 of 3rd period - John Tavares wins face-off versus Matt Stajan in Golden Knights zone.
3:49 of 3rd period - Wayne Simmonds is hit by Ian White and loses puck.
4:14 of 3rd period - Slapshot by Brian Lee.
4:14 of 3rd period - Stopped by Ondrej Pavelec without a rebound.
4:15 of 3rd period - John Tavares wins face-off versus Sebastian Aho in Golden Knights zone.
4:16 of 3rd period - Wrist shot by Michael Grabner.
4:16 of 3rd period - Shot Blocked by Jared Cowen.
4:26 of 3rd period - Slapshot by Wes O'Neill.
4:26 of 3rd period - Shot Blocked by Shane O'Brien.
4:28 of 3rd period - Slapshot by Wes O'Neill.
4:28 of 3rd period - Shot Misses the Net.
5:16 of 3rd period - Michael Frolik is hit by Alexander Frolov and loses puck.
5:53 of 3rd period - Wrist shot by Jussi Jokinen.
5:53 of 3rd period - Stopped by Ondrej Pavelec with a rebound.
5:56 of 3rd period - Icing by Nathan Horton.
5:57 of 3rd period - John Tavares wins face-off versus Chris Tierney in Golden Knights zone.
6:02 of 3rd period - Snap shot by John Tavares.
6:02 of 3rd period - Stopped by Ondrej Pavelec without a rebound.
6:03 of 3rd period - John Tavares wins face-off versus Matt Stajan in Golden Knights zone.
6:06 of 3rd period - Slapshot by John Tavares.
6:06 of 3rd period - Shot Misses the Net.
6:12 of 3rd period - Wrist shot by Michael Grabner.
6:12 of 3rd period - Shot Blocked by Thomas Vanek.
6:33 of 3rd period - Snap shot by Sebastian Aho.
6:33 of 3rd period - Shot Misses the Net.
6:53 of 3rd period - Snap shot by Michael Frolik.
6:53 of 3rd period - Stopped by Matt Murray with a rebound.
6:55 of 3rd period - Slapshot by Michael Kostka.
6:55 of 3rd period - Stopped by Matt Murray with a rebound.
6:57 of 3rd period - Slapshot by Michael Kostka.
6:57 of 3rd period - Stopped by Matt Murray with a rebound.
7:18 of 3rd period - Evgeny Grachev is hit by Michael Kostka and loses puck.
7:41 of 3rd period - Wrist shot by Guillaume Latendresse.
7:41 of 3rd period - Stopped by Ondrej Pavelec with a rebound.
7:57 of 3rd period - Slapshot by Vladimir Zharkov.
7:57 of 3rd period - Stopped by Matt Murray without a rebound.
7:58 of 3rd period - Antoine Vermette wins face-off versus Sebastian Aho in Stars zone.
8:14 of 3rd period - Wrist shot by Sebastian Aho.
8:14 of 3rd period - Stopped by Matt Murray with a rebound.
8:30 of 3rd period - Snap shot by Vladimir Zharkov.
8:30 of 3rd period - Shot Misses the Net.
8:40 of 3rd period - Snap shot by Sergei Plotnikov.
8:40 of 3rd period - Stopped by Matt Murray without a rebound.
8:41 of 3rd period - John Tavares wins face-off versus Matt Stajan in Stars zone.
9:10 of 3rd period - Off-side.
9:11 of 3rd period - Andrei Loktionov wins face-off versus Cory Emmerton in neutral zone.
9:21 of 3rd period - Snap shot by Andrei Loktionov.
9:21 of 3rd period - Shot Blocked by Tyson Barrie.
9:37 of 3rd period - B.J. Crombeen is hit by Vladimir Zharkov and loses puck.
9:58 of 3rd period - Wrist shot by Alexander Frolov.
9:58 of 3rd period - Stopped by Ondrej Pavelec with a rebound.
10:02 of 3rd period - Snap shot by Cory Emmerton.
10:02 of 3rd period - Shot Misses the Net.
10:04 of 3rd period - Snap shot by Boris Valabik.
10:04 of 3rd period - Shot Blocked by Jared Cowen.
10:06 of 3rd period - Slapshot by Shane O'Brien.
10:06 of 3rd period - Shot Misses the Net.
10:20 of 3rd period - Snap shot by Cory Emmerton.
10:20 of 3rd period - Shot Misses the Net.
10:22 of 3rd period - Snap shot by Alexander Frolov.
10:22 of 3rd period - Deflect By Cory Emmerton.
10:22 of 3rd period - Stopped by Ondrej Pavelec with a rebound.
10:26 of 3rd period - Snap shot by Cory Emmerton.
10:26 of 3rd period - Deflect By Sergei Plotnikov.
10:26 of 3rd period - Shot Blocked by Jared Cowen.
10:26 of 3rd period - Puck is out of play.
10:27 of 3rd period - Matt Stajan wins face-off versus Michael Grabner in Golden Knights zone.
10:36 of 3rd period - Paul Ladue is hit by Matt Stajan and loses puck.
10:43 of 3rd period - Wrist shot by Thomas Vanek.
10:43 of 3rd period - Shot Misses the Net.
10:53 of 3rd period - Ilya Kovalchuk is hit by Alex Chiasson and loses puck.
10:58 of 3rd period - Wrist shot by Alex Chiasson.
10:58 of 3rd period - Shot Blocked by Michael Frolik.
11:00 of 3rd period - Slapshot by Antoine Vermette.
11:00 of 3rd period - Stopped by Ondrej Pavelec with a rebound.
11:02 of 3rd period - Snap shot by Antoine Vermette.
11:02 of 3rd period - Shot Misses the Net.
11:22 of 3rd period - Snap shot by Zach Bogosian.
11:22 of 3rd period - Shot Blocked by Cam Atkinson.
11:24 of 3rd period - Wrist shot by Nathan Horton.
11:24 of 3rd period - Stopped by Matt Murray without a rebound.
11:25 of 3rd period - Matt Stajan wins face-off versus John Tavares in Stars zone.
11:40 of 3rd period - Snap shot by Matt Stajan.
11:40 of 3rd period - Shot Misses the Net.
11:50 of 3rd period - Jamie Oleksiak is hit by Alex Chiasson and loses puck.
11:57 of 3rd period - Snap shot by Alex Chiasson.
11:57 of 3rd period - Stopped by Ondrej Pavelec with a rebound.
11:59 of 3rd period - Snap shot by Antoine Vermette.
11:59 of 3rd period - Stopped by Ondrej Pavelec without a rebound.
12:00 of 3rd period - Matt Stajan wins face-off versus Antoine Vermette in Golden Knights zone.
12:00 of 3rd period - Matt Stajan is hit by Boris Valabik.
12:32 of 3rd period - Snap shot by Guillaume Latendresse.
12:32 of 3rd period - Stopped by Ondrej Pavelec with a rebound.
12:39 of 3rd period - Icing by Jared Cowen.
12:40 of 3rd period - Cory Emmerton wins face-off versus Andrei Loktionov in Golden Knights zone.
12:41 of 3rd period - Wrist shot by Alexander Frolov.
12:41 of 3rd period - Deflect By Wes O'Neill.
12:41 of 3rd period - Stopped by Ondrej Pavelec with a rebound.
12:55 of 3rd period - Wrist shot by Michael Frolik.
12:55 of 3rd period - Stopped by Matt Murray with a rebound.
12:59 of 3rd period - Wrist shot by Andrei Loktionov.
12:59 of 3rd period - Shot Misses the Net.
13:01 of 3rd period - Slapshot by Jared Cowen.
13:01 of 3rd period - Stopped by Matt Murray without a rebound.
13:02 of 3rd period - John Tavares wins face-off versus Matt Stajan in Stars zone.
13:04 of 3rd period - Shane O'Brien and Matt Stajan fight to a draw.
13:04 of 3rd period - Penalty to Shane O'Brien for Fighting.
13:04 of 3rd period - Penalty to Matt Stajan for Fighting.
13:05 of 3rd period - Nathan Horton wins face-off versus John Tavares in neutral zone.
13:05 of 3rd period - Nathan Horton is hit by John Tavares.
13:24 of 3rd period - Icing by Nathan Horton.
13:25 of 3rd period - Antoine Vermette wins face-off versus Nathan Horton in Golden Knights zone.
13:51 of 3rd period - Snap shot by Andrei Loktionov.
13:51 of 3rd period - Stopped by Matt Murray without a rebound.
13:52 of 3rd period - Andrei Loktionov wins face-off versus John Tavares in Stars zone.
13:57 of 3rd period - Snap shot by Michael Frolik.
13:57 of 3rd period - Goal by Michael Frolik - Golden Knights : 5 - Stars : 0.
13:58 of 3rd period - Nathan Horton wins face-off versus John Tavares in neutral zone.
14:49 of 3rd period - Cory Emmerton is hit by Wes O'Neill and loses puck.
15:12 of 3rd period - Snap shot by Zach Bogosian.
15:12 of 3rd period - Shot Blocked by Brian Lee.
15:14 of 3rd period - Snap shot by Wayne Simmonds.
15:14 of 3rd period - Stopped by Matt Murray without a rebound.
15:15 of 3rd period - John Tavares wins face-off versus Andrei Loktionov in Stars zone.
15:29 of 3rd period - Off-side.
15:30 of 3rd period - Antoine Vermette wins face-off versus Sebastian Aho in neutral zone.
15:43 of 3rd period - Wrist shot by Jussi Jokinen.
15:43 of 3rd period - Stopped by Ondrej Pavelec with a rebound.
15:45 of 3rd period - Snap shot by Antoine Vermette.
15:45 of 3rd period - Shot Misses the Net.
15:47 of 3rd period - Slapshot by Tyson Barrie.
15:47 of 3rd period - Stopped by Ondrej Pavelec with a rebound.
16:06 of 3rd period - Wrist shot by John Tavares.
16:06 of 3rd period - Shot Misses the Net.
16:26 of 3rd period - Wrist shot by Evgeny Grachev.
16:26 of 3rd period - Deflect By Ted Purcell.
16:26 of 3rd period - Shot Blocked by Jared Cowen.
16:26 of 3rd period - Puck is out of play.
16:27 of 3rd period - John Tavares wins face-off versus Vladimir Zharkov in Golden Knights zone.
16:36 of 3rd period - Snap shot by Sebastian Aho.
16:36 of 3rd period - Shot Misses the Net.
17:28 of 3rd period - Snap shot by Ted Purcell.
17:28 of 3rd period - Shot Blocked by Nathan Horton.
18:08 of 3rd period - Icing by Michael Frolik.
18:09 of 3rd period - Andrei Loktionov wins face-off versus Antoine Vermette in Golden Knights zone.
18:14 of 3rd period - Snap shot by Michael Frolik.
18:14 of 3rd period - Stopped by Matt Murray with a rebound.
18:16 of 3rd period - Snap shot by Michael Frolik.
18:16 of 3rd period - Shot Misses the Net.
18:18 of 3rd period - Slapshot by Michael Kostka.
18:18 of 3rd period - Stopped by Matt Murray with a rebound.
18:40 of 3rd period - Snap shot by Michael Frolik.
18:40 of 3rd period - Stopped by Matt Murray without a rebound.
18:41 of 3rd period - Matt Stajan wins face-off versus John Tavares in Stars zone.
18:42 of 3rd period - Wrist shot by Wayne Simmonds.
18:42 of 3rd period - Shot Misses the Net.
18:44 of 3rd period - Snap shot by Thomas Vanek.
18:44 of 3rd period - Stopped by Matt Murray with a rebound.
18:46 of 3rd period - Snap shot by Matt Stajan.
18:46 of 3rd period - Shot Blocked by Shane O'Brien.
18:46 of 3rd period - Shane O'Brien from Stars is injured at 18:46 of 3rd period (Left Hand).
18:47 of 3rd period - John Tavares wins face-off versus Matt Stajan in Stars zone.
18:51 of 3rd period - Off-side.
18:52 of 3rd period - John Tavares wins face-off versus Matt Stajan in neutral zone.
18:55 of 3rd period - Thomas Vanek is hit by Brian Lee and loses puck.
19:01 of 3rd period - Minor Penalty to Wayne Simmonds for Roughing.
19:02 of 3rd period - John Tavares wins face-off versus Michael Frolik in Golden Knights zone.
19:28 of 3rd period - Michael Frolik is hit by Jussi Jokinen.
Goals for this period are 1 for Golden Knights vs 0 for Stars.
Shots for this period are 16 for Golden Knights vs 17 for Stars.